[Event "DVM U20w 2019"]
[Site "Braunschweig"]
[Date "2019.12.29"]
[Round "6"]
[White "Schumann, Rabea"]
[Black "Jacoby, Angelina"]
[Result "1/2-1/2"]
[ECO "A15"]
[WhiteElo "1873"]
[BlackElo "1635"]
[Annotator "NA"]
[PlyCount "57"]
[EventDate "2019.12.27"]
[EventType "team-tourn"]
[EventRounds "7"]
[EventCountry "GER"]
[SourceTitle "playchess.com"]
[Source "ChessBase"]
[SourceQuality "1"]
[WhiteTeam "SG Güstrow/Teterow"]
[BlackTeam "Leegebrucher SF"]
[TimeControl "40/5400+30:1800+30"]

1. c4 Nf6 2. g3 e6 3. Bg2 d5 4. Nf3 c6 5. b3 Nbd7 6. O-O Bd6 7. Bb2 O-O 8. d3 Qe7 9. Nbd2 e5 10. e3 Nc5 11. d4 exd4 12. Bxd4 Ne6 13. Bb2 dxc4 14. Nxc4 Bc7 15. Qc2 Rd8 16. Rad1 Nd5 17. Ba3 Qf6 18. e4 Nb6 19. Rxd8+ Nxd8 20. Bb2 Qe7 21. Qc3 Qf8 22. Ne3 Be6 23. Nh4 f6 24. f4 Nd7 25. Rc1 Bb6 26. Kh1 Qc5 27. Nc4 Bxc4 28. Qxc4+ Qxc4 29. Rxc4 {[%emt 0:00:13] normal} 1/2-1/2

[Event "DVM U20w 2019"]
[Site "Braunschweig"]
[Date "2019.12.29"]
[Round "6"]
[White "Brunner, Sophia"]
[Black "Bardorz, Jana"]
[Result "1/2-1/2"]
[ECO "A48"]
[WhiteElo "1852"]
[BlackElo "2054"]
[Annotator "NA"]
[PlyCount "53"]
[EventDate "2019.12.27"]
[EventType "team-tourn"]
[EventRounds "7"]
[EventCountry "GER"]
[SourceTitle "playchess.com"]
[Source "ChessBase"]
[SourceQuality "1"]
[WhiteTeam "SK Nordhorn-Blanke"]
[BlackTeam "SC Bavaria Regensburg"]
[TimeControl "40/5400+30:1800+30"]

1. d4 Nf6 2. Nf3 g6 3. c4 Bg7 4. Nc3 O-O 5. Bf4 d6 6. e4 Nh5 7. Be3 e5 8. dxe5 dxe5 9. Qxd8 Rxd8 10. Nd5 Na6 11. c5 c6 12. Ne7+ Kf8 13. Nxc8 Raxc8 14. Bxa6 bxa6 15. g3 Nf6 16. Bg5 Re8 17. Bxf6 Bxf6 18. Nd2 Be7 19. Rc1 Rb8 20. Nb3 Rb5 21. Rc4 Reb8 22. Ke2 a5 23. Rhc1 Ke8 24. f3 Bd8 25. Rd1 Bc7 26. Ke3 Rb4 27. Rxb4 {[%emt 0:02:56] normal} 1/2-1/2

[Event "DVM U20w 2019"]
[Site "Braunschweig"]
[Date "2019.12.29"]
[Round "6"]
[White "Hartmann, Cora"]
[Black "La, Quynh Trang"]
[Result "1-0"]
[ECO "A08"]
[WhiteElo "1842"]
[BlackElo "1436"]
[Annotator "NA"]
[PlyCount "111"]
[EventDate "2019.12.27"]
[EventType "team-tourn"]
[EventRounds "7"]
[EventCountry "GER"]
[SourceTitle "playchess.com"]
[Source "ChessBase"]
[SourceQuality "1"]
[WhiteTeam "SC Borussia Lichtenberg"]
[BlackTeam "SG Trier"]
[TimeControl "40/5400+30:1800+30"]

1. e4 e6 2. d3 d5 3. Nd2 Nf6 4. Ngf3 c5 5. g3 Nc6 6. Bg2 Be7 7. O-O O-O 8. Re1 Rb8 9. e5 Nd7 10. Nf1 Re8 11. h4 Nf8 12. N1h2 b6 13. Ng4 Qd7 14. Bf4 Bb7 15. h5 h6 16. c3 d4 17. c4 Ba6 18. b3 b5 19. Nd2 bxc4 20. Nxc4 Bxc4 21. bxc4 Rb2 22. Qa4 Nb4 23. Qa3 Rc2 24. Rec1 Rxc1+ 25. Rxc1 Qc7 26. Qb3 Rb8 27. Bd2 Nc6 28. Qc2 Nd7 29. f4 Nb4 30. Qb3 Nc6 31. Qa3 Nb4 32. Nf2 Rb6 33. Qb3 Nc6 34. Qa4 Nb4 35. a3 Ra6 36. Qb3 Nc6 37. Rb1 Rb6 38. Qa2 Rxb1+ 39. Qxb1 a6 40. Qb3 f6 41. exf6 Nxf6 42. Qa4 Nb8 43. Ne4 Qd7 44. Nxf6+ gxf6 45. Qxd7 Nxd7 46. Bb7 Nb8 47. f5 e5 48. Bxh6 Kh7 49. Bd2 Bd8 50. Kf2 a5 51. Kf3 Nd7 52. Ke4 Nb6 53. Bxa5 Kh6 54. Bd2+ Kxh5 55. Kf3 Na4 56. Bc6 {[%emt 0:00:12] normal} 1-0

[Event "DVM U20w 2019"]
[Site "Braunschweig"]
[Date "2019.12.29"]
[Round "6"]
[White "Schnabel, Luise"]
[Black "Rudolph, Eva"]
[Result "1/2-1/2"]
[ECO "B24"]
[WhiteElo "1836"]
[BlackElo "1711"]
[Annotator "NA"]
[PlyCount "45"]
[EventDate "2019.12.27"]
[EventType "team-tourn"]
[EventRounds "7"]
[EventCountry "GER"]
[SourceTitle "playchess.com"]
[Source "ChessBase"]
[SourceQuality "1"]
[WhiteTeam "TuRa Harksheide Norderstedt"]
[BlackTeam "Düsseldorfer SK"]
[TimeControl "40/5400+30:1800+30"]

1. e4 c5 2. Nc3 Nc6 3. g3 g6 4. Bg2 Bg7 5. d3 e6 6. f4 Nge7 7. Nf3 O-O 8. Be3 b6 9. e5 d6 10. exd6 Qxd6 11. Bf2 Bb7 12. O-O Rfd8 13. Ng5 Qd7 14. Rb1 Nd5 15. Nce4 Rab8 16. Qd2 Nd4 17. c3 Nc6 18. Nf3 Nf6 19. Nxf6+ Bxf6 20. Rfd1 Bg7 21. Rbc1 Rbc8 22. Qe1 Qe7 23. Rc2 {[%emt 0:01:24] normal} 1/2-1/2

[Event "DVM U20w 2019"]
[Site "Braunschweig"]
[Date "2019.12.29"]
[Round "6"]
[White "Berelowitsch, Dana"]
[Black "Möller, Hannah"]
[Result "1-0"]
[ECO "B06"]
[WhiteElo "1792"]
[BlackElo "1832"]
[Annotator "NA"]
[PlyCount "62"]
[EventDate "2019.12.27"]
[EventType "team-tourn"]
[EventRounds "7"]
[EventCountry "GER"]
[SourceTitle "playchess.com"]
[Source "ChessBase"]
[SourceQuality "1"]
[WhiteTeam "SG Solingen"]
[BlackTeam "SV Lingen"]
[TimeControl "40/5400+30:1800+30"]

1. e4 g6 2. d4 Bg7 3. Nc3 d6 4. f4 c6 5. Nf3 Nf6 6. Bd3 Nbd7 7. O-O O-O 8. e5 dxe5 9. fxe5 Nd5 10. Ng5 N7b6 11. Nce4 Nc7 12. c3 Ne6 13. Nxe6 Bxe6 14. Ng5 Bd7 15. Qb3 e6 16. Ne4 Qc7 17. Bg5 Nd5 18. Kh1 h6 19. Bh4 g5 20. Bg3 Qb6 21. Qa3 f5 22. exf6 Nxf6 23. Be5 Qd8 24. Bd6 Rf7 25. Be5 Rf8 26. Nxf6+ Bxf6 27. Bxf6 Rxf6 28. Qd6 Rxf1+ 29. Rxf1 Rc8 30. Qe5 Qe7 31. Rf6 Be8 {[%emt 0:00:51] normal} 1-0

[Event "DVM U20w 2019"]
[Site "Braunschweig"]
[Date "2019.12.29"]
[Round "6"]
[White "Ziegenfuss, Larissa"]
[Black "Kiesel, Lara"]
[Result "0-1"]
[ECO "C07"]
[WhiteElo "1755"]
[BlackElo "1732"]
[Annotator "NA"]
[PlyCount "58"]
[EventDate "2019.12.27"]
[EventType "team-tourn"]
[EventRounds "7"]
[EventCountry "GER"]
[SourceTitle "playchess.com"]
[Source "ChessBase"]
[SourceQuality "1"]
[WhiteTeam "SG Blau-Weiß Stadtilm"]
[BlackTeam "SK Lehrte 1919"]
[TimeControl "40/5400+30:1800+30"]

1. e4 e6 2. d4 d5 3. Nd2 c5 4. exd5 Qxd5 5. Ngf3 cxd4 6. Bc4 Qd7 7. O-O Nf6 8. Ne5 Qc7 9. Qe2 Bd6 10. f4 O-O 11. Ndf3 Nbd7 12. Nxf7 Rxf7 13. Bxe6 Nb6 14. Bxf7+ Qxf7 15. Ng5 Qc4 16. Qxc4+ Nxc4 17. b3 Ne3 18. Bxe3 dxe3 19. Rfd1 Bc7 20. g3 Bg4 21. Rdc1 Bb6 22. Kg2 Rd8 23. Nf3 Bf5 24. c4 Be4 25. Rd1 Rd2+ 26. Rxd2 exd2 27. b4 {[%emt 0:02:05] normal} Be3 {[%emt 0:04:30] normal} 28. a4 {[%emt 0:02:35] normal} Ng4 {[%emt 0:02:15] normal} 29. h3 {[%emt 0:01:37] normal} Nf2 {[%emt 0:00:29] normal} 0-1

[Event "DVM U20w 2019"]
[Site "Braunschweig"]
[Date "2019.12.29"]
[Round "6"]
[White "Meijerink, Inken"]
[Black "Oberhofer, Marie"]
[Result "0-1"]
[ECO "B76"]
[WhiteElo "1743"]
[BlackElo "1700"]
[Annotator "NA"]
[PlyCount "52"]
[EventDate "2019.12.27"]
[EventType "team-tourn"]
[EventRounds "7"]
[EventCountry "GER"]
[SourceTitle "playchess.com"]
[Source "ChessBase"]
[SourceQuality "1"]
[WhiteTeam "SK Nordhorn-Blanke"]
[BlackTeam "SC Bavaria Regensburg"]
[TimeControl "40/5400+30:1800+30"]

1. e4 c5 2. Nf3 d6 3. d4 cxd4 4. Nxd4 Nf6 5. Nc3 g6 6. f3 Bg7 7. Be3 O-O 8. Qd2 Nc6 9. g4 Bd7 10. h4 h5 11. gxh5 Nxh5 12. Nce2 Rc8 13. c3 Ne5 14. Nf4 Ng3 15. Qh2 Nxf1 16. Kxf1 Ng4 17. fxg4 e5 18. h5 exf4 19. Bxf4 g5 20. Bxd6 Bxd4 21. cxd4 Qf6+ 22. Qf2 Qxd6 23. h6 Kh7 24. b3 Bxg4 25. Rg1 {[%emt 0:01:11] normal} Qe6 {[%emt 0:03:50] normal} 26. e5 {[%emt 0:01:43] normal} f6 {normal} 0-1

[Event "DVM U20w 2019"]
[Site "Braunschweig"]
[Date "2019.12.29"]
[Round "6"]
[White "Peglau, Charis"]
[Black "Visvikis, Kassandra"]
[Result "1-0"]
[ECO "C50"]
[WhiteElo "1728"]
[BlackElo "1568"]
[Annotator "NA"]
[PlyCount "85"]
[EventDate "2019.12.27"]
[EventType "team-tourn"]
[EventRounds "7"]
[EventCountry "GER"]
[SourceTitle "playchess.com"]
[Source "ChessBase"]
[SourceQuality "1"]
[WhiteTeam "Schachzentrum Seeblick"]
[BlackTeam "OSG Baden-Baden"]
[TimeControl "40/5400+30:1800+30"]

1. e4 e5 2. Nc3 Nc6 3. Bc4 Nf6 4. Nf3 Bc5 5. d3 d6 6. Bg5 h6 7. Bh4 g5 8. Bg3 Bg4 9. Na4 Bb6 10. Nxb6 axb6 11. c3 Na5 12. Bb5+ c6 13. Ba4 b5 14. Bc2 b6 15. h3 Bh5 16. h4 g4 17. Nd2 Bg6 18. a4 bxa4 19. Bxa4 b5 20. Bc2 h5 21. f4 gxf3 22. gxf3 Rg8 23. Bf2 Bh7 24. Rg1 Ke7 25. Ke2 Nb7 26. Be3 Nd7 27. Bb3 Rxg1 28. Qxg1 Rxa1 29. Qxa1 Kf8 30. Bg5 Qa5 31. Bh6+ Ke8 32. Qxa5 Nxa5 33. Ba2 Nb6 34. b4 Nb7 35. Nf1 Nd8 36. Ng3 Bg6 37. f4 exf4 38. Bxf4 Ke7 39. Bb3 Ne6 40. Be3 Nd7 41. c4 Nc7 42. Kd2 Ne5 43. c5 {[%emt 0:03:32] normal} 1-0

[Event "DVM U20w 2019"]
[Site "Braunschweig"]
[Date "2019.12.29"]
[Round "6"]
[White "Sokolowski, Judith"]
[Black "Sherif, Amina"]
[Result "1-0"]
[ECO "B06"]
[WhiteElo "1722"]
[BlackElo "1945"]
[Annotator "NA"]
[PlyCount "39"]
[EventDate "2019.12.27"]
[EventType "team-tourn"]
[EventRounds "7"]
[EventCountry "GER"]
[SourceTitle "playchess.com"]
[Source "ChessBase"]
[SourceQuality "1"]
[WhiteTeam "Düsseldorfer SK"]
[BlackTeam "TuRa Harksheide Norderstedt"]
[TimeControl "40/5400+30:1800+30"]

1. e4 g6 2. d4 Bg7 3. Nc3 c6 4. Be3 d5 5. e5 f6 6. f4 Nh6 7. Be2 O-O 8. Qd2 Ng4 9. O-O-O fxe5 10. fxe5 Nxe3 11. Qxe3 e6 12. Nf3 Nd7 13. h4 c5 14. dxc5 Qc7 15. h5 Nxe5 16. hxg6 Nxg6 17. Kb1 Qf4 18. Qd3 Bd7 19. Nxd5 exd5 20. Qxd5+ {normal} 1-0

[Event "DVM U20w 2019"]
[Site "Braunschweig"]
[Date "2019.12.29"]
[Round "6"]
[White "Doll, Rebecca"]
[Black "Peglau, Sarah"]
[Result "1/2-1/2"]
[ECO "C10"]
[WhiteElo "1659"]
[BlackElo "1760"]
[Annotator "NA"]
[PlyCount "53"]
[EventDate "2019.12.27"]
[EventType "team-tourn"]
[EventRounds "7"]
[EventCountry "GER"]
[SourceTitle "playchess.com"]
[Source "ChessBase"]
[SourceQuality "1"]
[WhiteTeam "OSG Baden-Baden"]
[BlackTeam "Schachzentrum Seeblick"]
[TimeControl "40/5400+30:1800+30"]

1. e4 e6 2. d4 d5 3. Nd2 dxe4 4. Nxe4 Bd7 5. Nf3 Bc6 6. Bd3 Nd7 7. O-O Ngf6 8. Qe2 Nxe4 9. Bxe4 Bxe4 10. Qxe4 c6 11. Bf4 Nf6 12. Qe2 Bd6 13. Bxd6 Qxd6 14. Rfd1 O-O 15. Ne5 Nd7 16. Rd3 Rfd8 17. Rad1 Qc7 18. h3 h6 19. Qh5 Nf6 20. Qf3 Kf8 21. c4 Rd6 22. Qg3 Qe7 23. Qf4 Rad8 24. R1d2 Ke8 25. Qe3 Nd7 26. Qg3 Kf8 27. Qf3 {[%emt 0:00:44] normal} 1/2-1/2

[Event "DVM U20w 2019"]
[Site "Braunschweig"]
[Date "2019.12.29"]
[Round "6"]
[White "Biermann, Sophie"]
[Black "Wiesner, Paula"]
[Result "0-1"]
[ECO "D02"]
[WhiteElo "1645"]
[BlackElo "1955"]
[Annotator "NA"]
[PlyCount "104"]
[EventDate "2019.12.27"]
[EventType "team-tourn"]
[EventRounds "7"]
[EventCountry "GER"]
[SourceTitle "playchess.com"]
[Source "ChessBase"]
[SourceQuality "1"]
[WhiteTeam "SG Trier"]
[BlackTeam "SC Borussia Lichtenberg"]
[TimeControl "40/5400+30:1800+30"]

1. d4 d5 2. Nf3 Nf6 3. Bf4 e6 4. e3 Bd6 5. Bxd6 Qxd6 6. c3 O-O 7. Bd3 Nbd7 8. Nbd2 e5 9. dxe5 Nxe5 10. Nxe5 Qxe5 11. Nf3 Qe7 12. h3 b6 13. Qc2 Bb7 14. O-O c5 15. Qe2 Ne4 16. c4 dxc4 17. Bxc4 Qf6 18. Rad1 Rad8 19. Nh2 Qc6 20. Nf3 Ng5 21. Bb5 Nxf3+ 22. Qxf3 Qxf3 23. gxf3 Bxf3 24. Rd7 Rxd7 25. Bxd7 Rd8 26. Ba4 Rd2 27. Rb1 g6 28. Bb3 b5 29. a3 c4 30. Ba2 c3 31. Bxf7+ Kxf7 32. bxc3 a6 33. Rb4 Ke6 34. a4 bxa4 35. Rxa4 Be2 36. Rh4 h5 37. Rb4 a5 38. Ra4 Rd5 39. Ra2 Bc4 40. Ra3 Rb5 41. Kg2 Bb3 42. Kf3 Ke5 43. Ra1 a4 44. Ke2 Kd5 45. Kd3 Rb6 46. Ra3 Kc5 47. e4 Rd6+ 48. Ke2 Kc4 49. e5 Re6 50. f4 Kxc3 51. Ra1 Kb2 52. Rg1 a3 {[%emt 0:00:18] normal} 0-1

[Event "DVM U20w 2019"]
[Site "Braunschweig"]
[Date "2019.12.29"]
[Round "6"]
[White "Schiewe, Nadin"]
[Black "Joers, Pia-Milena"]
[Result "1/2-1/2"]
[ECO "D04"]
[WhiteElo "1629"]
[BlackElo "1646"]
[Annotator "NA"]
[PlyCount "52"]
[EventDate "2019.12.27"]
[EventType "team-tourn"]
[EventRounds "7"]
[EventCountry "GER"]
[SourceTitle "playchess.com"]
[Source "ChessBase"]
[SourceQuality "1"]
[WhiteTeam "Leegebrucher SF"]
[BlackTeam "SG Güstrow/Teterow"]
[TimeControl "40/5400+30:1800+30"]

1. d4 Nf6 2. Nf3 d5 3. e3 Bg4 4. Nbd2 e6 5. c3 Bd6 6. Qc2 Bf5 7. Bd3 Bxd3 8. Qxd3 O-O 9. e4 dxe4 10. Nxe4 Be7 11. Bf4 c6 12. g4 Nxe4 13. Qxe4 Nd7 14. g5 Nb6 15. h4 Qd5 16. Qe2 c5 17. dxc5 Bxc5 18. h5 Rae8 19. Be5 Nd7 20. Rd1 Qc6 21. Rg1 Rd8 22. Nd4 Bxd4 23. Rxd4 Nxe5 24. Qxe5 Rxd4 25. Qxd4 e5 26. Qd3 Qe6 {[%emt 0:04:17] normal} 1/2-1/2

[Event "DVM U20w 2019"]
[Site "Braunschweig"]
[Date "2019.12.29"]
[Round "6"]
[White "Pavlov, Liliane"]
[Black "Fock, Amina"]
[Result "1-0"]
[ECO "E11"]
[WhiteElo "1623"]
[BlackElo "1807"]
[Annotator "NA"]
[PlyCount "68"]
[EventDate "2019.12.27"]
[EventType "team-tourn"]
[EventRounds "7"]
[EventCountry "GER"]
[SourceTitle "playchess.com"]
[Source "ChessBase"]
[SourceQuality "1"]
[WhiteTeam "SC Bavaria Regensburg"]
[BlackTeam "SK Nordhorn-Blanke"]
[TimeControl "40/5400+30:1800+30"]

1. d4 Nf6 2. c4 e6 3. Nf3 Bb4+ 4. Bd2 a5 5. a3 Be7 6. Nc3 d5 7. g3 b6 8. Bg2 Bb7 9. b3 Nbd7 10. O-O Ne4 11. Nxe4 dxe4 12. Ne1 e5 13. e3 exd4 14. exd4 Bf6 15. Be3 c5 16. Nc2 cxd4 17. Bxd4 Nc5 18. Bxf6 Qxf6 19. b4 Nb3 20. Ra2 Rd8 21. Qh5 Rd2 22. Qb5+ Ke7 23. bxa5 Nxa5 24. Qb4+ Rd6 25. c5 bxc5 26. Qxa5 Rc8 27. Ne3 Qe6 28. Rc2 Ba6 29. Re1 Bd3 30. Rxc5 Rxc5 31. Qxc5 g6 32. a4 Qa2 33. a5 Kd7 34. Rc1 {[%emt 0:04:08] normal} Qa4 {[%emt 0:02:56] normal} 1-0

[Event "DVM U20w 2019"]
[Site "Braunschweig"]
[Date "2019.12.29"]
[Round "6"]
[White "Giede, Anna-Blume"]
[Black "Cerkez, Lorena"]
[Result "1-0"]
[ECO "C00"]
[WhiteElo "1582"]
[BlackElo "1000"]
[Annotator "NA"]
[PlyCount "84"]
[EventDate "2019.12.27"]
[EventType "team-tourn"]
[EventRounds "7"]
[EventCountry "GER"]
[SourceTitle "playchess.com"]
[Source "ChessBase"]
[SourceQuality "1"]
[WhiteTeam "TuRa Harksheide Norderstedt"]
[BlackTeam "Düsseldorfer SK"]
[TimeControl "40/5400+30:1800+30"]

1. e4 e6 2. d3 d5 3. Nd2 h6 4. Ngf3 Nc6 5. g3 e5 6. Bg2 Nf6 7. O-O Be6 8. Re1 d4 9. Nf1 Bb4 10. Bd2 Bxd2 11. Qxd2 Qd7 12. b4 a6 13. c4 Bg4 14. b5 Bxf3 15. bxc6 Qxc6 16. Bxf3 O-O 17. Qa5 Rfe8 18. Nd2 b6 19. Qa3 Qe6 20. Bg2 Ng4 21. h3 Nf6 22. Qb2 Rab8 23. a4 a5 24. Qc2 Nd7 25. Nb3 Qe7 26. Rec1 Nc5 27. Nxc5 Qxc5 28. Rab1 c6 29. Bf3 Rb7 30. Kg2 Reb8 31. Qd1 Rc7 32. Qd2 Rcb7 33. Bg4 Qe7 34. Rb2 Qa3 35. Bd1 Qc5 36. Rbb1 Qe7 37. Rb2 Qd6 38. Rcb1 Qc5 39. Qc1 Kf8 40. Rb3 Kg8 41. Qa3 Qxa3 42. Rxa3 Kf8 {[%emt 0:00:17] normal} 1-0

[Event "DVM U20w 2019"]
[Site "Braunschweig"]
[Date "2019.12.29"]
[Round "6"]
[White "Puls, Luisa"]
[Black "Kung, Fanny"]
[Result "1-0"]
[ECO "B01"]
[WhiteElo "1551"]
[BlackElo "1426"]
[Annotator "NA"]
[PlyCount "41"]
[EventDate "2019.12.27"]
[EventType "team-tourn"]
[EventRounds "7"]
[EventCountry "GER"]
[SourceTitle "playchess.com"]
[Source "ChessBase"]
[SourceQuality "1"]
[WhiteTeam "SG Güstrow/Teterow"]
[BlackTeam "Leegebrucher SF"]
[TimeControl "40/5400+30:1800+30"]

1. e4 d5 2. exd5 Qxd5 3. Nc3 Qd6 4. d3 Nf6 5. Nf3 a6 6. g3 Bg4 7. Bg2 e6 8. O-O Nc6 9. Re1 Be7 10. Be3 O-O 11. Qd2 Rad8 12. Bf4 Qd7 13. Ne5 Nxe5 14. Bxe5 c6 15. Ne4 Nxe4 16. Bxe4 f6 17. Qf4 Bh5 18. Qh4 Qe8 19. g4 Bxg4 20. Qxh7+ Kf7 21. Bg6# {normal} 1-0

[Event "DVM U20w 2019"]
[Site "Braunschweig"]
[Date "2019.12.29"]
[Round "6"]
[White "Margaryan, Venera"]
[Black "Schmidt, Pauline"]
[Result "1-0"]
[ECO "A46"]
[WhiteElo "1383"]
[BlackElo "1628"]
[Annotator "NA"]
[PlyCount "57"]
[EventDate "2019.12.27"]
[EventType "team-tourn"]
[EventRounds "7"]
[EventCountry "GER"]
[SourceTitle "playchess.com"]
[Source "ChessBase"]
[SourceQuality "1"]
[WhiteTeam "SK Lehrte 1919"]
[BlackTeam "SG Blau-Weiß Stadtilm"]
[WhiteTeamCountry "GER"]
[TimeControl "40/5400+30:1800+30"]

1. d4 Nf6 2. Nf3 e6 3. Bg5 Be7 4. e3 O-O 5. Bd3 d5 6. c3 c5 7. Nbd2 Nbd7 8. O-O c4 9. Bc2 b5 10. a3 a5 11. Qb1 h6 12. Bxf6 Nxf6 13. Ne5 Ba6 14. f4 b4 15. Nc6 Qc7 16. Nxe7+ Qxe7 17. axb4 axb4 18. Qe1 Rfb8 19. Nf3 bxc3 20. bxc3 Rb2 21. Rf2 Qb7 22. Qc1 Rb6 23. Ne5 Rb8 24. f5 Bb5 25. fxe6 Rxe6 26. Qd1 Ra6 27. Rb1 Ra3 28. Qe1 Qa6 29. Bf5 {[%emt 0:06:04] normal} 1-0

[Event "DVM U20w 2019"]
[Site "Braunschweig"]
[Date "2019.12.29"]
[Round "6"]
[White "Kessen, Fanny"]
[Black "Schwalbach, Kathrin"]
[Result "0-1"]
[ECO "C50"]
[WhiteElo "1265"]
[BlackElo "1137"]
[Annotator "NA"]
[PlyCount "62"]
[EventDate "2019.12.27"]
[EventType "team-tourn"]
[EventRounds "7"]
[EventCountry "GER"]
[SourceTitle "playchess.com"]
[Source "ChessBase"]
[SourceQuality "1"]
[WhiteTeam "SC Borussia Lichtenberg"]
[BlackTeam "SG Trier"]
[TimeControl "40/5400+30:1800+30"]

1. e4 e5 2. Nf3 Nc6 3. Bc4 Bc5 4. d3 Nf6 5. c3 O-O 6. Bb3 Re8 7. O-O h6 8. Re1 d5 9. exd5 Nxd5 10. Nbd2 Nf4 11. Ne4 Bb6 12. d4 Ng6 13. d5 Na5 14. Bc2 Bf5 15. a4 Bxe4 16. Bxe4 Qf6 17. b4 c6 18. bxa5 Bxa5 19. Bb2 Rad8 20. Qb3 Re7 21. dxc6 bxc6 22. Rad1 Ree8 23. Rxd8 Rxd8 24. Rc1 Nf4 25. Re1 Nd3 26. Bxd3 Rxd3 27. Rxe5 Qg6 28. Nh4 Qg4 29. f3 Qxh4 30. Re4 Qf6 31. Re8+ Kh7 {[%emt 0:00:20] normal} 0-1

[Event "DVM U20w 2019"]
[Site "Braunschweig"]
[Date "2019.12.29"]
[Round "6"]
[White "Nanthivarman, Merymuthu"]
[Black "Peglau, Dora"]
[Result "0-1"]
[ECO "B12"]
[WhiteElo "1260"]
[BlackElo "1502"]
[Annotator "NA"]
[PlyCount "61"]
[EventDate "2019.12.27"]
[EventType "team-tourn"]
[EventRounds "7"]
[EventCountry "GER"]
[SourceTitle "playchess.com"]
[Source "ChessBase"]
[SourceQuality "1"]
[WhiteTeam "OSG Baden-Baden"]
[BlackTeam "Schachzentrum Seeblick"]
[TimeControl "40/5400+30:1800+30"]

1. e4 c6 2. d4 d5 3. e5 Bf5 4. Be3 e6 5. Nf3 Nd7 6. Nbd2 Bg6 7. Be2 c5 8. c3 Nh6 9. h3 Nf5 10. O-O Be7 11. Rc1 O-O 12. Re1 Rc8 13. Bb5 a6 14. Ba4 b5 15. Bc2 cxd4 16. cxd4 Nxe3 17. Rxe3 Qb6 18. Bxg6 hxg6 19. Rec3 Qb7 20. Qb3 Nb6 21. Qd1 Nc4 22. R3c2 Nxd2 23. Nxd2 Bg5 24. Rxc8 Rxc8 25. Rxc8+ Qxc8 26. Nb3 Qc4 27. a3 Be7 28. Na5 Qc7 29. Qd2 Bd8 30. b4 Qc8 31. Nb3 {[%emt 0:02:01] normal} 0-1

[Event "DVM U20w 2019"]
[Site "Braunschweig"]
[Date "2019.12.29"]
[Round "6"]
[White "Stephan, Lia"]
[Black "Thiele, Lea-Marie"]
[Result "1-0"]
[ECO "A16"]
[WhiteElo "1232"]
[BlackElo "1061"]
[Annotator "NA"]
[PlyCount "94"]
[EventDate "2019.12.27"]
[EventType "team-tourn"]
[EventRounds "7"]
[EventCountry "GER"]
[SourceTitle "playchess.com"]
[Source "ChessBase"]
[SourceQuality "1"]
[WhiteTeam "SG Blau-Weiß Stadtilm"]
[BlackTeam "SK Lehrte 1919"]
[TimeControl "40/5400+30:1800+30"]

1. c4 Nf6 2. Nc3 g6 3. g3 Bg7 4. Bg2 d6 5. e4 Nc6 6. d3 Nd4 7. Be3 e5 8. Nge2 c5 9. O-O Be6 10. Qd2 h5 11. Bg5 Qd7 12. f4 Bh3 13. fxe5 Nh7 14. exd6 Bxg2 15. Kxg2 f6 16. Be3 Qxd6 17. Nd5 Nc6 18. Bf4 Ne5 19. b4 Rc8 20. bxc5 Rxc5 21. d4 Rxc4 22. dxe5 fxe5 23. Be3 Rxe4 24. Ndc3 Qxd2 25. Bxd2 Rb4 26. Rab1 Rxb1 27. Rxb1 b6 28. Ne4 O-O 29. Rc1 Nf6 30. Ng5 Ng4 31. Ne4 Bh6 32. Bxh6 Nxh6 33. Rc7 a5 34. Ng5 Nf7 35. Ne4 g5 36. Nf6+ Kh8 37. Nxh5 e4 38. Re7 Nd6 39. Nd4 Rf7 40. Re6 Rd7 41. Rh6+ Kg8 42. Nf6+ Kg7 43. Rh7+ Kxf6 44. Rxd7 Ke5 45. Nc6+ Ke6 46. Re7+ Kd5 47. Nd8 Kc4 {[%emt 0:00:34] normal} 1-0

[Event "DVM U20w 2019"]
[Site "Braunschweig"]
[Date "2019.12.29"]
[Round "6"]
[White "Daoud, Shahnaz"]
[Black "Wilhelm, Anna-Lena"]
[Result "0-1"]
[ECO "B08"]
[WhiteElo "1000"]
[BlackElo "1291"]
[Annotator "NA"]
[PlyCount "48"]
[EventDate "2019.12.27"]
[EventType "team-tourn"]
[EventRounds "7"]
[EventCountry "GER"]
[SourceTitle "playchess.com"]
[Source "ChessBase"]
[SourceQuality "1"]
[WhiteTeam "SK Lehrte 1919"]
[BlackTeam "SG Blau-Weiß Stadtilm"]
[TimeControl "40/5400+30:1800+30"]

1. d4 Nf6 2. Nf3 g6 3. Nc3 Bg7 4. e4 d6 5. Be3 O-O 6. Qd2 Nbd7 7. Bh6 Re8 8. Bxg7 Kxg7 9. Be2 e5 10. d5 Nc5 11. Bd3 Qd7 12. O-O-O Qg4 13. Qg5 Qxg5+ 14. Nxg5 h6 15. Nf3 Bd7 16. h3 Reb8 17. g4 Nh7 18. Rdg1 b5 19. Ne1 a5 20. Nd1 Nxd3+ 21. Nxd3 c5 22. Ne1 c4 23. c3 b4 24. Nc2 Ba4 {[%emt 0:00:58] normal} 0-1

[Event "DVM U20w 2019"]
[Site "Braunschweig"]
[Date "2019.12.29"]
[Round "6"]
[White "Prölß, Clara"]
[Black "Hallfarth, Luise"]
[Result "0-1"]
[ECO "B32"]
[WhiteElo "1000"]
[BlackElo "1517"]
[Annotator "NA"]
[PlyCount "50"]
[EventDate "2019.12.27"]
[EventType "team-tourn"]
[EventRounds "7"]
[EventCountry "GER"]
[SourceTitle "playchess.com"]
[Source "ChessBase"]
[SourceQuality "1"]
[WhiteTeam "SC Bavaria Regensburg"]
[BlackTeam "SK Nordhorn-Blanke"]
[TimeControl "40/5400+30:1800+30"]

1. e4 c5 2. Nf3 Nc6 3. d4 cxd4 4. Nxd4 g6 5. Bc4 Bg7 6. Nxc6 bxc6 7. O-O Nf6 8. Nc3 d6 9. Be3 O-O 10. f3 Bb7 11. Bb3 d5 12. Qd2 e5 13. Bh6 Qb6+ 14. Kh1 Rfd8 15. Qg5 Qc7 16. Bxg7 Kxg7 17. Rfe1 h6 18. Qh4 d4 19. Na4 c5 20. Rad1 c4 21. g4 cxb3 22. axb3 Ba6 23. g5 hxg5 24. Qxg5 Rh8 {[%emt 0:00:35] normal} 25. Rg1 {[%emt 0:02:37] normal} Be2 {[%emt 0:02:13] normal} 0-1

[Event "DVM U20w 2019"]
[Site "Braunschweig"]
[Date "2019.12.29"]
[Round "6"]
[White "Danilova, Sofia"]
[Black "Sereda, Yaroslava"]
[Result "0-1"]
[ECO "A05"]
[WhiteElo "980"]
[BlackElo "1726"]
[Annotator "NA"]
[PlyCount "68"]
[EventDate "2019.12.27"]
[EventType "team-tourn"]
[EventRounds "7"]
[EventCountry "GER"]
[SourceTitle "playchess.com"]
[Source "ChessBase"]
[SourceQuality "1"]
[WhiteTeam "SV Lingen"]
[BlackTeam "SG Solingen"]
[TimeControl "40/5400+30:1800+30"]

1. Nf3 Nf6 2. g3 g6 3. Bg2 Bg7 4. O-O O-O 5. Nc3 d5 6. d3 c5 7. e4 d4 8. Nd5 Nxd5 9. exd5 Qxd5 10. c4 dxc3 11. Ng5 Qd8 12. bxc3 Bxc3 13. Rb1 Nc6 14. Ne4 Bd4 15. Bb2 Bxb2 16. Rxb2 Qd4 17. Rb5 a6 18. Rxc5 Bf5 19. Rc4 Qd8 20. Rc3 Qa5 21. Qd2 Nd4 22. Re1 Bxe4 23. Rxe4 Rac8 24. Rxd4 Qxc3 25. Qf4 Qe1+ 26. Bf1 Rc1 27. Kg2 Qxf1+ 28. Kf3 Rc2 29. Kg4 Rxf2 30. Qe5 Qd1+ 31. Kh4 Rxh2+ 32. Kg5 f6+ 33. Kf4 Rf2+ 34. Ke4 Qf3# {[%emt 0:00:20] normal} 0-1